 Dungeon Crawl Stone Soup version 0.30.0-19-g36f170ea60 (webtiles) character file.

Game seed: 6629204959116129579

8517 cheesebisquit the Slicer (level 11, -3/72 HPs)
             Began as a Kobold Enchanter on May 27, 2023.
             Was a Believer of Dithmenos.
             Slain by an orc warrior
             ... wielding a +0 mace
              (18 damage)
             ... on level 9 of the Dungeon.
             The game lasted 01:04:26 (13949 turns).

cheesebisquit the Slicer (Kobold Enchanter)        Turns: 13949, Time: 01:04:27

Health: -3/72      AC:  8    Str:  8    XL:     11   Next: 57%
Magic:  14/14      EV: 21    Int: 23    God:    Dithmenos [**....]
Gold:   543        SH:  0    Dex: 20    Spells: 0/14 levels left

rFire   . . .        d - +3 dagger (chaos)
rCold   . . .        (no shield)
rNeg    . . .        V - +0 troll leather armour
rPois   .            O - +0 helmet
rElec   .            t - +0 cloak
rCorr   .            H - +0 pair of gloves
SInv    +            f - +0 pair of boots
Will    .....        Q - amulet of Linearity {RegenMP Rampage Str+3 Stlth+}
Stlth   +++++++++    k - +6 ring of intelligence
HPRegen 1.12/turn    a - ring of see invisible
MPRegen 0.54/turn

%: rampage
@: wreathed by umbra
A: small, no large weapons, nightstalker 3
a: Renounce Religion, Shadow Step


You were on level 9 of the Dungeon.
You worshipped Dithmenos.
Dithmenos was pleased with you.
You visited 2 branches of the dungeon, and saw 10 of its levels.

You collected 543 gold pieces.

Inventory:

Hand Weapons
 d - a +3 dagger of chaos (weapon)
 e - a +0 short sword of draining
 i - a +1 dagger of protection
 o - a +0 heavy sling
 u - a +1 antimagic hand axe
 w - a +0 rapier
 B - a +1 dagger of flaming
 I - a +2 hand axe of venom
 J - a +0 dagger of electrocution
 K - a +0 morningstar
Missiles
 q - 38 poisoned darts
 A - a boomerang (quivered)
Armour
 f - a +0 pair of boots (worn)
 g - a +2 robe
 t - a +0 cloak (worn)
 y - a +1 scale mail of poison resistance
 F - a +3 leather armour
 H - a +0 pair of gloves (worn)
 O - a +0 helmet (worn)
 R - a +0 kite shield
 V - a +0 troll leather armour (worn)
Jewellery
 a - a ring of see invisible (right hand)
 j - an amulet of reflection
 k - a +6 ring of intelligence (left hand)
 M - an amulet of magic regeneration
 Q - the amulet of Linearity (around neck) {RegenMP Rampage Str+3 Stlth+}
   (You found it on level 8 of the Dungeon)

   [amulet of magic regeneration]

   It increases your rate of magic regeneration.
   Str:       It affects your strength (+3).
   Rampage:   It bestows one free step when moving towards enemies.
   Stlth:     It makes you more stealthy.
Wands
 c - a wand of roots (9)
 m - a wand of flame (14)
 p - a wand of charming (4)
 x - a wand of mindburst (7)
Scrolls
 h - a scroll of amnesia
 l - a scroll of magic mapping {unknown}
 n - 3 scrolls of poison
 z - a scroll of noise {unknown}
 C - a scroll of fog
 G - a scroll of immolation {unknown}
 L - a scroll of torment {unknown}
 N - a scroll of enchant armour {unknown}
Potions
 b - a potion of lignification {unknown}
 r - 2 potions of mutation
 s - a potion of attraction
 v - 2 potions of resistance
 D - a potion of heal wounds {unknown}
 E - a potion of magic {unknown}
 P - 2 potions of brilliance
 U - a potion of flight {unknown}


   Skills:
 - Level 10.0 Fighting
 - Level 10.0 Short Blades
 - Level 10.0 Dodging
 - Level 10.0 Stealth
 - Level 2.1 Spellcasting
 + Level 8.0 Hexes


You couldn't memorise any spells.
You knew the following spells:

 Your Spells              Type           Power      Damage    Failure   Level
a - Ensorcelled Hibernat  Hex/Ice        42%        N/A       5%          2
b - Confusing Touch       Hex            39%        N/A       1%          3
c - Tukima's Dance        Hex            39%        N/A       1%          3
d - Dazzling Flash        Conj/Hex       42%        N/A       11%         3
e - Summon Guardian Gole  Hex/Summ       21%        N/A       11%         3

Your spell library contained the following spells:

 Spells                   Type           Power      Damage    Failure   Level
 Cause Fear               Hex            19%        N/A       7%          4
 Necrotise                Necr           8%         1d4       19%         1
 Sting                    Tmut/Pois      8%         1d3       19%         1
 Poisonous Vapours        Pois/Air       4%         N/A       28%         2
 Anguish                  Hex/Necr       10%        N/A       34%         4
 Vampiric Draining        Necr           2%         2d6       50%         3
 Animate Dead             Necr           2%         N/A       88%         4
 Olgreb's Toxic Radiance  Pois           2%         N/A       88%         4
 Agony                    Necr           2%         N/A       99%         5
 Borgnjor's Vile Clutch   Necr/Erth      1%         N/A       99%         5
 Enfeeble                 Hex            19%        N/A       99%         7
 Death Channel            Necr           1%         N/A       100%        6
 Orb of Destruction       Conj           1%         9d5       100%        7
 Spellforged Servitor     Conj/Summ      1%         N/A       100%        7


Dungeon Overview and Level Annotations

Branches:
Dungeon (9/15)             Temple (1/1) D:5
   Lair: D:8-11         Orc: D:9-12

Altars:
Ashenzari
Cheibriados
Dithmenos
Elyvilon
Fedhas
Gozag
Hepliaklqana
Kikubaaqudgha
Nemelex Xobeh
Okawaru
Qazlal
Ru
Trog
Uskayaw
Vehumet
Wu Jian
Xom
Yredelemnul
Zin
The Shining One

Shops:
D:7 =

Portals:
Bailey: D:9

Annotations:
D:6 3 runed translucent doors, booth's ghost, novice GnRe


Innate Abilities, Weirdness & Mutations

You are small and have problems with some larger weapons.
You are completely attuned to the shadows.


Message History

The orc warrior is heavily wounded.
The howler monkey hits you but does no damage.
You hit the howler monkey. You freeze the howler monkey.
The howler monkey is moderately wounded.
The orc warrior completely misses you.
You hit the howler monkey. You burn the howler monkey.
The howler monkey is heavily wounded.
The orc warrior hits you with a +0 mace!
The howler monkey closely misses you.
You hit the howler monkey.
Lightning courses through the howler monkey!
You kill the howler monkey!
Dithmenos accepts your kill.
The orc warrior hits you with a +0 mace!
You hit the orc warrior.
The orc warrior is heavily wounded.
You hit the orc warrior but do no damage.
The orc warrior is heavily wounded.
The orc warrior hits you with a +0 mace!
* * * LOW HITPOINT WARNING * * *
You hit the orc warrior but do no damage.
Nothing appears to happen.
The orc warrior is heavily wounded.
The orc warrior misses you.
Okay, then.
Okay, then.
The orc warrior attacks as you move away!
The orc warrior hits you with a +0 mace.
* * * LOW HITPOINT WARNING * * *
The orc warrior hits you with a +0 mace!
* * * LOW HITPOINT WARNING * * *
You feel better. The orc warrior completely misses you.
Okay, then.
You feel better. The orc warrior completely misses you.
The orc warrior hits you with a +0 mace!
* * * LOW HITPOINT WARNING * * *
The orc warrior barely misses you.
You see here a +0 spear.
The orc warrior hits you with a +0 mace!!
You die...

#.... .....# ####...#
###..# #......# #..#
.......#####§§#
..≈≈≈≈≈....§§§§§§.
..≈.>.≈.####§§§§§.
#.~.∩.≈.# #§####.
#.≈...≈.# #.# .
#@≈≈≈≈≈.# #.#
########o......# #.#
.......†......######..
....>..).............
.....).######....>...
..h)...# #..######
...)..)######......
......)............
...........########


You could see an orc warrior (fast, strong, resistant).

Vanquished Creatures
  A two-headed ogre (D:8)
  A boulder beetle (D:8)
  Amaemon (D:9)
  A cyclops (D:8)
  Joseph (D:8)
  Psyche (D:8)
  A komodo dragon (D:8)
  A troll (D:9)
  A wraith (D:8)
  A steam dragon (D:7)
  A vampire mosquito (D:8)
  Grum (D:8)
  Menkaure (D:5)
  Duvessa (D:7)
  2 acid dragons (D:8)
  2 ice beasts
  2 black bears (D:7)
  An ogre (D:8)
  2 sky beasts
  A centaur (D:8)
  4 wolves
  3 phantoms
  2 bullfrogs (D:7)
  4 kobold brigands
  3 gnoll sergeants
  2 scorpions
  3 wights (D:8)
  Dowan (D:7)
  3 killer bees (D:8)
  5 howler monkeys
  3 jellies
  8 hounds
  Crazy Yiuf (D:5)
  12 orc priests
  Ijyb (D:4)
  6 iguanas
  5 gnoll boudas
  Natasha (twice) (D:3)
  8 orc wizards
  18 gnolls
  6 adders
  A shadow imp (D:6)
  2 white imps
  5 ufetubi
  3 worms (D:3)
  38 orcs
  6 endoplasms
  8 giant cockroaches
  18 goblins
  9 hobgoblins
  3 jackals (D:4)
  4 quokkas
  5 ball pythons
  2 bats (D:1)
  2 frilled lizards
  21 kobolds
  4 rats
255 creatures vanquished.

Vanquished Creatures (others)
  Robin (D:3)
  A kobold (D:8)
2 creatures vanquished.

Grand Total: 257 creatures vanquished

Notes
Turn   | Place    | Note
-------+----------+-------------------------------------------
     0 | D:1      | cheesebisquit the Kobold Enchanter began the quest for the
                  | Orb.
     0 | D:1      | Reached XP level 1. HP: 10/10 MP: 3/3
   167 | D:1      | Found a faded altar of an unknown god.
   302 | D:1      | Reached XP level 2. HP: 15/15 MP: 5/5
   714 | D:2      | Reached XP level 3. HP: 19/19 MP: 6/6
  1416 | D:3      | Reached XP level 4. HP: 24/24 MP: 7/7
  1464 | D:3      | Reached skill level 5 in Short Blades
  1569 | D:3      | Found a stormy altar of Qazlal.
  1571 | D:3      | Killed Robin
  1727 | D:3      | Noticed Natasha
  1731 | D:3      | Killed Natasha
  1732 | D:3      | Reached XP level 5. HP: 28/28 MP: 8/8
  1812 | D:3      | Noticed Natasha
  1822 | D:3      | Killed Natasha
  2333 | D:4      | Reached XP level 6. HP: 32/32 MP: 9/9
  2642 | D:4      | Learned a level 2 spell: Ensorcelled Hibernation
  2646 | D:4      | Learned a level 3 spell: Confusing Touch
  2650 | D:4      | Learned a level 3 spell: Tukima's Dance
  2660 | D:4      | Noticed Ijyb
  2662 | D:4      | Killed Ijyb
  2720 | D:4      | Found a glowing drain.
  3337 | D:5      | Entered Level 5 of the Dungeon
  3360 | D:5      | Found a blossoming altar of Fedhas.
  3609 | D:5      | Reached XP level 7. HP: 31/36 MP: 10/10
  4979 | D:5      | Reached skill level 10 in Short Blades
  5046 | D:5      | Reached skill level 5 in Stealth
  5112 | D:5      | Noticed Menkaure
  5127 | D:5      | Killed Menkaure
  5128 | D:5      | Reached XP level 8. HP: 23/41 MP: 11/11
  5253 | D:5      | Found a shimmering altar of Xom.
  5387 | D:5      | Found a staircase to the Ecumenical Temple.
  5398 | Temple   | Entered the Ecumenical Temple
  5564 | D:5      | Found a runed translucent door.
  5567 | D:5      | Noticed Crazy Yiuf
  5722 | D:5      | Killed Crazy Yiuf
  5900 | D:6      | Found a runed translucent gate.
  5900 | D:6      | Found a runed translucent gate.
  5900 | D:6      | Found a runed translucent gate.
  5903 | D:6      | Noticed booth's ghost (novice GnRe)
  6450 | D:6      | Reached skill level 10 in Stealth
  7271 | D:6      | Learned a level 3 spell: Dazzling Flash
  7274 | D:7      | Reached XP level 9. HP: 45/45 MP: 12/12
  7388 | D:7      | Reached skill level 5 in Dodging
  7404 | D:7      | Found Xucraish's Jewellery Shoppe.
  7668 | D:7      | Noticed Duvessa
  7669 | D:7      | Noticed Dowan
  7680 | D:7      | Killed Duvessa
  7689 | D:7      | Killed Dowan
  8526 | D:7      | Found a hide-covered altar of Uskayaw.
  8531 | D:7      | Found a hazy altar of Hepliaklqana.
  8533 | D:7      | Found a sparkling altar of Nemelex Xobeh.
  8534 | D:7      | Found an opulent altar of Gozag.
  8539 | D:7      | Found a broken altar of Ashenzari.
  9624 | D:8      | Noticed a boulder beetle
  9655 | D:8      | Noticed a two-headed ogre
  9660 | D:8      | Killed a two-headed ogre
  9661 | D:8      | Reached skill level 10 in Dodging
  9661 | D:8      | Reached XP level 10. HP: 56/56 MP: 13/13
  9721 | D:8      | Found a basalt altar of Yredelemnul.
  9721 | D:8      | Found a shadowy altar of Dithmenos.
  9726 | D:8      | Became a worshipper of Dithmenos the Shadowed
  9984 | D:8      | Noticed Grum
  9995 | D:8      | Reached skill level 5 in Fighting
 10012 | D:8      | Noticed Joseph
 10794 | D:8      | HP: 3/61 [hound (4)]
 11122 | D:8      | Noticed Psyche
 11355 | D:8      | Killed Psyche
 11426 | D:8      | Killed Grum
 11624 | D:8      | Noticed a komodo dragon
 11627 | D:8      | Noticed a cyclops
 11925 | D:8      | Reached * piety under Dithmenos
 12143 | D:8      | Killed a cyclops
 12212 | D:8      | Reached XP level 11. HP: 70/72 MP: 14/14
 12224 | D:8      | Reached skill level 10 in Fighting
 12412 | D:8      | Identified the amulet of Linearity {RegenMP Rampage Str+3
                  | Stlth+}
 12546 | D:8      | Reached ** piety under Dithmenos
 12555 | D:8      | Reached skill level 5 in Hexes
 12617 | D:8      | Killed Joseph
 13204 | D:8      | Found a basalt altar of Yredelemnul.
 13204 | D:8      | Found a shadowy altar of Dithmenos.
 13481 | D:8      | Killed a boulder beetle
 13711 | D:9      | Noticed Amaemon
 13736 | D:9      | Learned a level 3 spell: Summon Guardian Golem
 13760 | D:9      | Killed Amaemon
 13846 | D:9      | Found a flagged portal.
 13949 | D:9      | Slain by an orc warrior

Illustrated notes

Levels and vault maps discovered:
D:1:      minmay_arrival_checkered_box, layout_basic,
          ebering_ecumenical_altar_mist
D:2:      layout_basic, due_unseen_surprise
D:3:      layout_loops_ring, grunt_qazlal_clouds, uniq_robin, uniq_natasha
D:4:      layout_loops_corners, gup_sewer_entry_glass, minmay_unequal, uniq_ijyb
D:5:      minmay_angry_zag, layout_basic, mainiacjoe_overflow_divided_tiny,
          minmay_temple_entry_glassed_door, roderic_three_in_a_row,
          uniq_crazy_yiuf_cottage, uniq_menkaure
D:6:      layout_loops_corners, gammafunk_ghost_nasty_kobolds,
          hangedman_decor_opposing
D:7:      layout_loops_ring, chequers_temple_overflow_minitemple, serial_shops,
          shop, kennysheep_minor_cross, roderic_lattice_a, uniq_duvessa
D:8:      kennysheep_housing_project, layout_basic,
          gammafunk_temple_overflow_statue, minmay_pinched_square, uniq_grum,
          uniq_joseph, uniq_psyche
D:9:      layout_long_grid, tgw_sif, enter_bailey_5, minmay_misc_feat_columns,
          nicolae_looking_at_the_future, uniq_amaemon
Temple:   cyrus_temple_forest

Skill      XL: |  1  2  3  4  5  6  7  8  9 10 11 |
---------------+----------------------------------+-----
Short Blades   | 2 3 4 5 7 8 10 | 10.0
Stealth        | 6 10 | 10.0
Dodging        | 4 10 | 10.0
Fighting       | 4 9 10 | 10.0
Hexes          | 8 |  8.0
Spellcasting   | |  2.1

Action                     |  1- 3 |  4- 6 |  7- 9 | 10-12 || total
---------------------------+-------+-------+-------+-------++-------
  Melee: Dagger            |    50 |   209 |   488 |   452 ||  1199
         Punch             |       |     5 |     1 |     7 ||    13
         Hand axe          |       |       |       |    17 ||    17
  Throw: Dart              |       |     8 |       |       ||     8
         Boomerang         |       |     2 |    10 |    11 ||    23
   Cast: Ensorcelled Hiber |       |       |       |    26 ||    26
         Confusing Touch   |       |       |       |     4 ||     4
         Dazzling Flash    |       |       |       |     2 ||     2
         Tukima's Dance    |       |       |       |     3 ||     3
  Evoke: Wand              |       |       |       |     1 ||     1
    Use: Scroll            |       |     6 |     4 |     5 ||    15
         Potion            |       |       |     8 |    11 ||    19
   Stab: Sleeping          |    18 |    12 |    26 |    25 ||    81
         Invisible         |       |       |     4 |       ||     4
         Distracted        |       |       |     1 |    10 ||    11
         Confused          |       |       |       |     9 ||     9
         Paralysed         |       |       |       |     1 ||     1
         Petrifying        |       |       |       |     1 ||     1
 Armour: Leather armour    |     3 |    33 |    44 |    62 ||   142
         Troll leather arm |       |       |       |     5 ||     5
  Dodge: Dodged            |    14 |    50 |   191 |   339 ||   594
  Block: Other             |     8 |    29 |    51 |    67 ||   155
         Reflection        |       |     2 |     3 |     1 ||     6
